 Dungeon Crawl Stone Soup version 0.28-a0-1510-gd0f6b136d3 (webtiles) character file.

Game seed: 7655670664644861179

21 bladeefan the Grave Robber (level 2, -1/19 HPs)
             Began as a Demonspawn Necromancer on Jan 14, 2022.
             Slain by Terence (7 damage)
             ... on level 2 of the Dungeon.
             The game lasted 00:02:49 (1263 turns).

bladeefan the Grave Robber (Demonspawn Necromancer) Turns: 1263, Time: 00:02:50

Health: -1/19      AC:  2    Str:  8    XL:     2   Next: 62%
Magic:  4/5        EV: 12    Int: 16    God:
Gold:   28         SH:  0    Dex: 15    Spells: 4/5 levels left

rFire   . . .      SeeInvis .   k - +6 whip of Imminent Death {vorpal, *Noise rC++ Dex+2}
rCold   + + .      Faith    .   (no shield)
rNeg    . . .      Spirit   .   a - +0 robe
rPois   +          Reflect  .   (helmet restricted)
rElec   .          Harm     .   (no cloak)
rCorr   .          Rampage  .   (no gloves)
Will    .....                   (no boots)
Stlth   ++........              (no amulet)
HPRegen 0.06/turn               h - ring of poison resistance
MPRegen 0.09/turn               (no ring)

@: no status effects
A: antennae 1
a: no special abilities


You were on level 2 of the Dungeon.
You visited 1 branch of the dungeon, and saw 2 of its levels.

You collected 28 gold pieces.

Inventory:

Hand Weapons
 k - the +6 whip of Imminent Death (weapon) {vorpal, *Noise rC++ Dex+2}
   (You found it on level 2 of the Dungeon)

   It inflicts extra damage upon your enemies.
   Dex:       It affects your dexterity (+2).
   rC:        It greatly protects you from cold.
   *Noise:    It may make noises in combat.
Armour
 a - a +0 robe (worn)
Jewellery
 h - a ring of poison resistance (left hand)
   (You found it on level 1 of the Dungeon)
Scrolls
 c - 2 scrolls of holy word {unknown}
 d - 3 scrolls of identify {unknown}
 f - a scroll of fear {unknown}
 g - a scroll of blinking {unknown}
 i - a scroll of enchant weapon {unknown}
 j - a scroll of torment {unknown}
 l - a scroll of vulnerability {unknown}
Potions
 b - a potion of heal wounds {unknown}
 e - 2 potions of brilliance {unknown}


   Skills:
 + Level 2.0 Dodging
 + Level 2.1 Stealth
 + Level 2.2 Spellcasting
 * Level 4.7 Necromancy


You had 4 spell levels left.
You knew the following spells:

 Your Spells              Type           Power      Damage    Failure   Level
a - Pain                  Necr           68%        1d7       2%          1

Your spell library contained the following spells:

 Spells                   Type           Power      Damage    Failure   Level
 Animate Skeleton         Necr           34%        N/A       2%          1
 Vampiric Draining        Necr           17%        2d7       9%          3
 Animate Dead             Necr           8%         N/A       28%         4
 Static Discharge         Conj/Air       1%         N/A       30%         2
 Agony                    Necr           17%        N/A       61%         5
 Lightning Bolt           Conj/Air       0%         1d11      99%         5
 Maxwell's Capacitive Co  Air            0%         ∞         100%        8


Dungeon Overview and Level Annotations

Branches:
Dungeon (2/15)

Altars:

Annotations:
D:2 Terence


Innate Abilities, Weirdness & Mutations

You have a pair of small antennae on your head.


Message History

A ball python comes into view.
Found a scroll labelled PAESYAPPOT.
A ball python is nearby!
The ball python hisses angrily.
The ball python writhes in agony.
A ball python is nearby!
You miscast Pain.
You are very lightly contaminated with residual magic.
Nothing appears to happen.
The ball python writhes in agony.
The ball python bites you. The ball python grabs you.
The ball python constricts you. The ball python barely misses you.
The ball python constricts you.
The ball python writhes in agony.
You kill the ball python!
Your magical contamination has completely faded away.
Key pressed, stopping explore.
You see here a ball python corpse.
l - a scroll labelled PAESYAPPOT Key pressed, stopping explore.
An endoplasm comes into view.
You can't see any susceptible monsters within range! (Use Z to cast anyway.)
The endoplasm quivers.
The endoplasm writhes in agony.
The endoplasm barely resists.
An endoplasm is nearby!
The endoplasm barely resists.
The endoplasm writhes in agony.
You kill the endoplasm!
A hobgoblin comes into view. It is quivering poisoned darts.
A hobgoblin is nearby!
A rat comes into view.
The rat writhes in agony.
You kill the rat!
Terence the Incautious comes into view.
He is wielding a +0 mace.
Terence shouts!
Terence writhes in agony.
Terence drinks a potion.
Terence flickers and vanishes!
Deactivating autopickup; reactivate with Ctrl-A.
A bat comes into view.
The bat misses you.
The bat writhes in agony.
You kill the bat!
You closely miss something. Something hits you.
You miss something. Something hits you.
* * * LOW HITPOINT WARNING * * *
You hit something. Something hits you!
You die...

####...######.##.#
##.## #.##.# #.#
#.##.# #.# #.##.#
#####.# #.##..
###.....### #.....
#..........# #####.
#.##.#####.# #. #
#@# #.# #. ####.##{#
#.# #. ........#
#.#########.
####.##.#
#..........#
#.##.#####..########
#.......##..#
#.#####.##..# #
#.##..# #.....#


There were no monsters in sight!

Vanquished Creatures
  3 ball pythons
  An endoplasm (D:2)
  A giant cockroach (D:2)
  A goblin (D:2)
  A hobgoblin (D:2)
  2 kobolds (D:1)
  A quokka (D:2)
  8 bats
  2 frilled lizards (D:2)
  2 rats (D:2)
22 creatures vanquished.

Notes
Turn   | Place    | Note
-------+----------+-------------------------------------------
     0 | D:1      | bladeefan the Demonspawn Necromancer began the quest for
                  | the Orb.
     0 | D:1      | Reached XP level 1. HP: 13/13 MP: 3/3
   749 | D:2      | Discovered your monstrous ancestry.
   749 | D:2      | Gained mutation: You have a pair of small antennae on your
                  | head. [demonic ancestry]
   749 | D:2      | Reached XP level 2. HP: 17/19 MP: 3/5
   988 | D:2      | Identified the +6 whip of Imminent Death {vorpal, *Noise
                  | rC++ Dex+2}
  1239 | D:2      | Noticed Terence
  1263 | D:2      | Slain by Terence

Illustrated notes

Levels and vault maps discovered:
D:1:      sevenhm_arrival_forest_fort_small_4, layout_loops_ring
D:2:      layout_loops_ring, uniq_natasha, uniq_terence

Skill      XL: |  1  2 |
---------------+-------+-----
Stealth        | 2 |  2.1
Dodging        | 2 |  2.0
Spellcasting   | |  2.2
Necromancy     | |  4.7

Action                   || total
-------------------------++-------
Melee: Whip              ||     3
 Cast: Pain              ||    31
Armor: Robe              ||     2
Dodge: Dodged            ||     3

Table legend: (Time is in decaauts)
 A = Elapsed time spent in this place.
 B = Non-inter-level travel time spent in this place.
 C = Inter-level travel time spent in this place.
 D = Time resting spent in this place.
 E = Time spent auto-exploring this place.
 F = Levels seen in this place.
 G = Mean time per level.
                   A        B        C        D        E       F      G
               +--------+--------+--------+--------+--------+-----+--------+
         Total |   1270 |   1259 |     11 |     35 |   1069 |   2 |  635.0 |
       Dungeon |   1270 |   1259 |     11 |     35 |   1069 |   2 |  635.0 |
               +--------+--------+--------+--------+--------+-----+--------+

Top non-repeatable levels by time:
     D:1: 755 daAuts
     D:2: 515 daAuts
